 Dungeon Crawl Stone Soup version 0.29.1-15-g9cfb28693d (webtiles) character file.

Game seed: 16820170498819271500

68 javelincjr the Magician (level 4, 0/32 HPs)
             Began as a Demonspawn Hedge Wizard on Apr 7, 2023.
             Slain by a jackal (3 damage)
             ... on level 1 of the Dungeon.
             The game lasted 00:03:35 (2487 turns).

javelincjr the Magician (Demonspawn Hedge Wizard)   Turns: 2487, Time: 00:03:36

Health: 0/32       AC:  2    Str: 12    XL:     4   Next: 1%
Magic:  9/9        EV: 12    Int: 15    God:
Gold:   75         SH:  0    Dex: 15    Spells: 4/9 levels left

rFire   . . .      SeeInvis .   a - +0 dagger
rCold   . . .      Faith    .   (no shield)
rNeg    . . .      Spirit   .   b - +0 robe
rPois   .          Reflect  .   c - +0 hat
rElec   .          Harm     .   (no cloak)
rCorr   .          Rampage  .   (no gloves)
Will    .....                   (no boots)
Stlth   +++.......              (no amulet)
HPRegen 0.10/turn               (no ring)
MPRegen 0.11/turn               (no ring)

@: very slightly contaminated
A: thin skeletal structure 1
a: no special abilities


You were on level 1 of the Dungeon.
You visited 1 branch of the dungeon, and saw 2 of its levels.

You collected 75 gold pieces.

Inventory:

Hand Weapons
 a - a +0 dagger (weapon)
Armour
 b - a +0 robe (worn)
 c - a +0 hat (worn)
Jewellery
 o - an amulet of regeneration
Scrolls
 e - a scroll of magic mapping {unknown}
 f - a scroll of enchant weapon {unknown}
 h - 2 scrolls of blinking {unknown}
 k - a scroll of butterflies {unknown}
 l - 2 scrolls of identify {unknown}
Potions
 g - a potion of haste {unknown}
 i - a potion of resistance {unknown}
 j - a potion of heal wounds {unknown}
 m - a potion of flight {unknown}
 n - a potion of ambrosia {unknown}


   Skills:
 * Level 1.5 Fighting
 + Level 1.0 Armour
 + Level 2.1 Dodging
 - Level 1.7 Stealth
 * Level 3.3 Spellcasting
 + Level 1.4 Conjurations
 + Level 1.3 Summonings
 + Level 1.3 Translocations


You had 4 spell levels left.
You knew the following spells:

 Your Spells              Type           Power      Damage    Failure   Level
a - Magic Dart            Conj           24%        1d4       11%         1
b - Blink                 Tloc           12%        N/A       17%         2
c - Call Imp              Summ           6%         N/A       17%         2

Your spell library contained the following spells:

 Spells                   Type           Power      Damage    Failure   Level
 Slow                     Hex            8%         N/A       19%         1
 Conjure Flame            Conj/Fire      4%         6-21      41%         3
 Mephitic Cloud           Conj/Pois/Air  3%         N/A       43%         3


Dungeon Overview and Level Annotations

Branches:
Dungeon (2/15)

Altars:


Innate Abilities, Weirdness & Mutations

You have a somewhat thin skeletal structure. (Dex +2, Stealth+)


Message History

You barely miss the jackal. The jackal barely misses you. The jackal bites you.
You closely miss the jackal. The jackal barely misses you.
You hit the jackal.
The jackal is heavily wounded.
The jackal completely misses you.
The jackal bites you but does no damage.
You barely miss the jackal.
The jackal is moderately wounded.
The jackal bites you.
You closely miss the jackal.
The jackal is moderately wounded.
The jackal bites you.
Your magical contamination has completely faded away.
You closely miss the jackal.
The jackal is moderately wounded.
The jackal bites you.
The jackal bites you but does no damage.
You barely miss the jackal.
The jackal is moderately wounded.
The jackal bites you but does no damage.
The jackal barely misses you. The jackal bites you.
You see here a +0 club.
The jackal bites you. The jackal attacks as you move away!
The jackal bites you.
* * * LOW HITPOINT WARNING * * *
There is an escape hatch in the ceiling here.
The jackal barely misses you. The jackal bites you.
* * * LOW HITPOINT WARNING * * *
A mysterious force pulls you upwards. The hatch slams shut behind you.
Casting: Magic Dart (safe; 11% risk of failure)
Confirm with . or Enter, or press ? or * to list all spells.
You miscast Blink.
You are very lightly contaminated with residual magic.
Nothing appears to happen.
The jackal bites you.
* * * LOW HITPOINT WARNING * * *
The jackal barely misses you. The jackal misses you. The jackal bites you.
* * * LOW HITPOINT WARNING * * *
Magic courses through your body. The jackal bites you.
You die...

.....####..#
#.#.......)....# .....# #..#
#.#.###.######### .....#
#..# #.......#.......#
###### #..#
###.#####.###.### ##### #..#
#.# #.# #.#
(...#####..#####.#####.# #.#
........)..............# #.#
###.#####..#####h#########.#
#.........# #@h.........#
##########.#################
..##.........)......#
#.##.#.....####.#####
#.#........# #.#
..#........# #.#
...........# #.#
#..........# #.#
#..###.....# #.#


You could see 2 jackals.

Vanquished Creatures
  3 adders (D:2)
  A dart slug (D:1)
  4 ball pythons
  3 bats (D:1)
  7 endoplasms
  3 goblins
  3 hobgoblins (D:2)
  A jackal (D:2)
  4 kobolds (D:1)
  2 quokkas
  A frilled lizard (D:1)
  4 rats (D:1)
36 creatures vanquished.

Notes
Turn   | Place    | Note
-------+----------+-------------------------------------------
     0 | D:1      | javelincjr the Demonspawn Hedge Wizard began the quest for
                  | the Orb.
     0 | D:1      | Reached XP level 1. HP: 13/13 MP: 4/4
   446 | D:1      | Reached skill level 1 in Translocations
   582 | D:1      | Gained mutation: You have a somewhat thin skeletal
                  | structure. (Dex +2, Stealth+) [demonic ancestry]
   582 | D:1      | Reached XP level 2. HP: 4/20 MP: 1/6
   855 | D:1      | Learned a level 2 spell: Blink
   858 | D:1      | Learned a level 2 spell: Call Imp
  1286 | D:1      | Reached skill level 1 in Fighting
  1529 | D:1      | You fall into a shaft and drop 1 floor!
  1748 | D:1      | Reached XP level 3. HP: 26/26 MP: 5/7
  2174 | D:2      | Reached skill level 1 in Armour
  2463 | D:2      | Reached XP level 4. HP: 25/32 MP: 0/9
  2487 | D:1      | Slain by a jackal

Illustrated notes

Levels and vault maps discovered:
D:1:      saegor_arrival_fortress, layout_basic, chequers_serial_rivers_micro_d
D:2:      layout_basic, ebering_ecumenical_altar_sacrificial

Skill      XL: |  1  2  3 |
---------------+----------+-----
Translocations | 1 |  1.3
Dodging        | 2 |  2.1
Fighting       | 1 |  1.5
Armour         | 1 |  1.0
Stealth        | |  1.7
Spellcasting   | |  3.3
Conjurations   | |  1.4
Summonings     | |  1.3

Action                   |  1- 3 |  4- 6 || total
-------------------------+-------+-------++-------
Melee: Dagger            |    17 |    14 ||    31
 Cast: Magic Dart        |    95 |       ||    95
  Use: Potion            |       |     1 ||     1
Armor: Robe              |     2 |     4 ||     6
Dodge: Dodged            |    20 |    11 ||    31
